 Dungeon Sprint DCSS version 0.17.2-1-ge4368a0 (webtiles) character file.

22529233 mopl the Conqueror (level 23, 233/284 HPs)
             Began as an Ogre Berserker on Aug 23, 2016.
             Was the Champion of Trog.
             Escaped with the Orb
             ... and 7 runes!
             The game lasted 00:47:07 (14079 turns).

mopl the Conqueror (Ogre Berserker)                Turns: 14079, Time: 00:47:07

Health: 233/284    AC: 39    Str: 38    XL:     23   Next: 39%
Magic:  40/40      EV: 29    Int:  6    God:    Trog [******]
Gold:   914        SH:  0    Dex: 20    Spells: 0 memorised, 22 levels left

rFire  + + .     SeeInvis +     y - +8 great mace "Hemopt" {vamp, +Fly rPois rF+ Str+3}
rCold  . . .     Clarity  .     V - +10 shadow dragon armour
rNeg   . . .     SustAt   .     (shield currently unavailable)
rPois  +         Gourm    .     n - +2 hat
rElec  .         Spirit   .     N - +2 cloak {+Inv}
rCorr  .         Warding  .     (gloves unavailable)
rMut   .         NoTele   +     (boots unavailable)
MR     +++..                    J - amulet "Paahaodop" {+Rage Str+3}
Stlth  +++.......               R - ring "Wasom" {Dex+4 SInv}
                                K - ring "Qeaf" {rF+ MR+ Str+4}

@: extremely resistant to hostile enchantments, fairly stealthy
A: unfitting armour, deterioration 1, spit poison 1, tough skin 1
a: Spit Poison, Berserk, Trog's Hand, Brothers in Arms, Burn Spellbooks,
Renounce Religion, Evoke Berserk Rage, Evoke Invisibility, Evoke Flight
0: Orb of Zot
}: 7/15 runes: decaying, serpentine, barnacled, slimy, elven, silver, gossamer


You escaped.
You worshipped Trog.
Trog was exalted by your worship.
You were hungry.

You visited 1 branch You collected 1970 gold pieces.
You spent 1056 gold pieces at shops.

Inventory:

Hand Weapons
 a - the -2 Mace of Variability {chaos}
   (Trog gifted it to you in the Dungeon)

   Each time it hits an enemy it has a different, random effect.
 b - the +8 giant spiked club of Extermination {flame, +Rage rF+ Str+3 Int+2}
   (Trog gifted it to you in the Dungeon)

   It has been specially enchanted to burn those struck by it, causing extra
   injury to most foes and up to half again as much damage against particularly
   susceptible opponents.
   It affects your strength (+3).
   It affects your intelligence (+2).
   It protects you from fire.
   It lets you go berserk.
 k - the +6 giant spiked club of Overwhelming Force {vamp, rPois Int-5 Dex+2}
   (Trog gifted it to you in the Dungeon)

   It inflicts no extra harm, but heals its wielder somewhat when it strikes a
   living foe.
   It affects your intelligence (-5).
   It affects your dexterity (+2).
   It protects you from poison.
 s - the +4 giant club "But Ulaf" {freeze, -Tele rElec rC+ Int+7, unknown}
   (Trog gifted it to you in the Dungeon)

   It has been specially enchanted to freeze those struck by it, causing extra
   injury to most foes and up to half again as much damage against particularly
   susceptible opponents.
   It can also slow down cold-blooded creatures.
   It affects your intelligence (+7).
   It protects you from cold.
   It insulates you from electricity.
   It prevents most forms of teleportation.
 y - the +8 great mace "Hemopt" (weapon) {vamp, +Fly rPois rF+ Str+3}
   (Trog gifted it to you in the Dungeon)

   It inflicts no extra harm, but heals its wielder somewhat when it strikes a
   living foe.
   It affects your strength (+3).
   It protects you from fire.
   It protects you from poison.
   It lets you fly.
 z - the +5 giant spiked club "Minoew" {vamp, rElec MR+}
   (Trog gifted it to you in the Dungeon)

   It inflicts no extra harm, but heals its wielder somewhat when it strikes a
   living foe.
   It insulates you from electricity.
   It affects your resistance to hostile enchantments.
 Y - the +9 giant spiked club of the Moth {freeze, rF+ rC+}
   (Trog gifted it to you in the Dungeon)

   It has been specially enchanted to freeze those struck by it, causing extra
   injury to most foes and up to half again as much damage against particularly
   susceptible opponents.
   It can also slow down cold-blooded creatures.
   It protects you from fire.
   It protects you from cold.
 Z - the +7 lajatang of Order {silver, rMut}
   (Trog gifted it to you in the Dungeon)

   It protects you from mutation.
Missiles
 o - 10 tomahawks of dispersal
 q - 3 throwing nets
 u - 7 steel tomahawks
 A - 8 steel javelins
 B - 98 large rocks (quivered)
 C - 27 curare-tipped needles
 G - 31 poisoned javelins
 H - 85 javelins
 M - 18 javelins of penetration
 O - 21 exploding tomahawks
 P - 6 silver javelins
 T - 32 javelins of returning
Armour
 n - a +2 hat (worn)
 N - a +2 cloak of invisibility (worn)
 U - a +3 fire dragon armour
 V - a +10 shadow dragon armour (worn)
Jewellery
 E - the ring "Ufoni" {MR+ Dex+3}
   (You found it in the Dungeon)

   [ring of dexterity]

   It affects your dexterity (+3).
   It affects your resistance to hostile enchantments.
 J - the amulet "Paahaodop" (around neck) {+Rage Str+3}
   (You found it in the Dungeon)

   [amulet of rage]

   It affects your strength (+3).
   It lets you go berserk.
 K - the ring "Qeaf" (left hand) {rF+ MR+ Str+4}
   (You found it in the Dungeon)

   [ring of protection from fire]

   It affects your strength (+4).
   It protects you from fire.
   It affects your resistance to hostile enchantments.
 Q - a +4 ring of evasion
 R - the ring "Wasom" (right hand) {Dex+4 SInv}
   (You found it in the Dungeon)

   [ring of see invisible]

   It affects your dexterity (+4).
   It lets you see invisible.
 S - the ring "Veulet" {rC+ MR- MP+9 Str+3 Dex+9}
   (You found it in the Dungeon)

   [ring of strength]

   It affects your strength (+3).
   It affects your dexterity (+9).
   It protects you from cold.
   It affects your resistance to hostile enchantments.
   It affects your magic capacity (+9).
Wands
 m - a wand of draining (7)
 x - a wand of hasting (5)
 F - a wand of hasting (3)
Scrolls
 i - 2 scrolls of blinking
 l - 6 scrolls of remove curse
 p - 5 scrolls of fear
 t - 6 scrolls of recharging
 v - 2 scrolls of fog
 D - 10 scrolls of enchant weapon
Potions
 d - 10 potions of curing
 e - 10 potions of heal wounds
 f - 3 potions of haste
 g - 4 potions of magic
 h - a potion of berserk rage {!q}
 w - 2 potions of agility
 I - a potion of resistance
 L - 3 potions of brilliance
 W - a potion of might
 X - a potion of cure mutation {!q}
Comestibles
 c - 9 bread rations
 j - 6 fruits
 r - 8 meat rations


   Skills:
 O Level 27 Fighting
 O Level 27 Maces & Flails
 + Level 24.6(26.9) Staves
 O Level 27 Throwing
 O Level 27 Armour
 O Level 27 Dodging
 O Level 27 Stealth
 O Level 27 Unarmed Combat
 O Level 27 Evocations


You had 22 spell levels left.
You didn't know any spells.

Dungeon Overview and Level Annotations

Branches:
Dungeon (1/1)

Altars:
Cheibriados
Dithmenos
Elyvilon
Fedhas
Gozag
Kikubaaqudgha
Makhleb
Nemelex Xobeh
Okawaru
Qazlal
Ru
Sif Muna
Trog
Vehumet
Xom
Yredelemnul
Zin
The Shining One
Beogh
Jiyva
Lugonu

Shops:
D ?:}[


Innate Abilities, Weirdness & Mutations

You are too large for most types of armour.
You have tough skin (AC +1).
Your body sometimes deteriorates upon taking damage.
You can spit weak poison.


Message History

You see here a +0 mace.
You hammer the hell beast like a gong!!!
The hell beast is severely wounded.
The hell beast bites you!
The hell beast tramples you but does no damage.
You hit the hell beast.
The hell beast is severely wounded.
The hell beast completely misses you.
The hell beast tramples you but does no damage.
You flatten the hell beast like a pancake!!!
You kill the hell beast!
Trog accepts your kill.
No target in view!
Things that are here:
a club; 4 stones
There is an open door to the Dungeon, spattered with blood here.
Things that are here:
a club; a whip
There is a staircase leading out of the dungeon here.
You have escaped!

▓▓▓▓▓▓▓▓▓▓▓▓▓▓▓▓▓▓
...▓)))▓...▓...▓@▓
.▓.▓.▓.▓.▓.▓.▓.▓.▓
.▓.▓.▓)▓.▓.▓.▓.▓.▓
.▓.▓.▓.▓.▓.▓.▓.▓.▓
.▓.▓.▓.▓.▓.▓.▓.▓.▓
.▓.▓.▓.▓.▓.▓.▓.▓)▓
.▓.▓.▓)▓.▓.▓.▓.▓)▓
.▓.▓.▓.▓.▓.▓'▓.▓.▓
.▓.▓.▓)▓.▓.▓.▓.▓.▓


There were no monsters in sight!

Vanquished Creatures
  the royal jelly (D)
  3 orbs of fire (D)
  4 ancient liches (D)
  Mennas (D)
  6 pandemonium lords (D)
  Boris (D)
  Frederick (D)
  Margery (D)
  Norris (D)
  A curse toe (D)
  A Killer Klown (D)
  3 golden dragons (D)
  Nikola (D)
  Jory (D)
  Xtahua (D)
  2 Brimstone Fiends (D)
  4 electric golems (D)
  A lich (D)
  5 Hell Sentinels (D)
  40 Orb Guardians (D)
  7 tentacled monstrosities (D)
  3 deep elf blademasters (D)
  A Shadow Fiend (D)
  A titan (D)
  A deep elf master archer (D)
  3 Executioners (D)
  12 sphinxes (D)
  9 acid blobs (D)
  A death cob (D)
  A quicksilver dragon (D)
  A thorn hunter (D)
  8 shadow dragons (D)
  3 storm dragons (D)
  2 draconian monks (D)
  4 greater nagas (D)
  Ilsuiw (D)
  8 azure jellies (D)
  A chaos champion (D)
  A deep elf sorcerer (D)
  4 frost giants (D)
  4 draconian knights (D)
  2 draconian scorchers (D)
  Louise (D)
  A draconian zealot (D)
  3 ghost moths (D)
  4 emperor scorpions (D)
  2 balrugs (D)
  4 large abominations (D)
  2 draconian shifters (D)
  2 very ugly things (D)
  3 reapers (D)
  8 vampire knights (D)
  7 stone giants (D)
  5 green draconians (D)
  A yellow draconian (D)
  2 lorocyprocas (D)
  6 purple draconians (D)
  3 deep elf demonologists (D)
  2 red draconians (D)
  2 black draconians (D)
  2 mottled draconians (D)
  2 deep elf annihilators (D)
  3 deep elf death magi (D)
  3 white draconians (D)
  2 black suns (D)
  3 green deaths (D)
  25 vault guards (D)
  5 fire dragons (D)
  6 merfolk javelineers (D)
  An ettin (D)
  Erolcha (D)
  5 death oozes (D)
  4 merfolk impalers (D)
  3 great orbs of eyes (D)
  2 mummy priests (D)
  A yaktaur captain (D)
  A rakshasa (D)
  A deep elf high priest (D)
  2 hell beasts (D)
  4 hydras (D)
  3 naga warriors (D)
  3 ice dragons (D)
  2 centaur warriors (D)
  An anaconda (D)
  An alligator (D)
  2 merfolk avatars (D)
  A tengu warrior (D)
  A vampire mage (D)
  A deep troll earth mage (D)
  2 soul eaters (D)
  6 sun demons (D)
  A naga sharpshooter (D)
  4 hell knights (D)
  5 shadow demons (D)
  3 ice devils (D)
  A flayed ghost (D)
  A giant orange brain (D)
  An infernal demonspawn (D)
  A putrid demonspawn (D)
  A harpy (D)
  8 swamp dragons (D)
  2 gelid demonspawn (D)
  3 hill giants (D)
  7 orc knights (D)
  3 ironbrand convokers (D)
  2 torturous demonspawn (D)
  A glowing shapeshifter (D)
  3 necromancers (D)
  3 wolf spiders (D)
  3 hornets (D)
  3 ugly things (D)
  3 sixfirhies (D)
  2 griffons (D)
  3 manticores (D)
  An orb spider (shapeshifter) (D)
  A cyclops (D)
  7 moths of wrath (D)
  A siren (D)
  Maurice (D)
  2 naga magi (D)
  6 guardian serpents (D)
  3 vault sentinels (D)
  A black mamba (D)
  5 smoke demons (D)
  2 komodo dragons (D)
  2 spiny frogs (D)
  A fire drake (shapeshifter) (D)
  4 yaktaurs (D)
  5 rust devils (D)
  3 orange demons (D)
  3 hellions (D)
  A yaktaur (shapeshifter) (D)
  2 demonic crawlers (D)
  A deep elf priest (D)
  17 guardian mummies (D)
  A small abomination (D)
  7 hellwings (D)
  4 red devils (D)
  2 trolls (D)
  4 polar bears (D)
  A wind drake (shapeshifter) (D)
  2 wind drakes (D)
  5 blue devils (D)
  3 jumping spiders (D)
  2 merfolk (D)
  2 blink frogs (D)
  2 giant leeches (D)
  A boulder beetle (D)
  A two-headed ogre (D)
  2 redbacks (D)
  4 slime creatures (D)
  5 ynoxinuls (D)
  2 trapdoor spiders (D)
  11 spriggans (D)
  A deep elf mage (D)
  2 wyverns (D)
  7 chaos spawn (D)
  A golden eye (D)
  A deep elf fighter (D)
  A basilisk (D)
  A neqoxec (D)
  Grum (D)
  2 vampire mosquitoes (D)
  A hungry ghost (D)
  3 hippogriffs (D)
  A water moccasin (D)
  3 nagas (D)
  3 swamp drakes (D)
  A porcupine (D)
  A spider (D)
  6 orc warriors (D)
  4 black bears (D)
  4 wolves (D)
  An eye of draining (D)
  An ogre (D)
  A centaur (D)
  A crocodile (D)
  2 giant frogs (D)
  A killer bee (D)
  3 crimson imps (D)
  2 orc priests (D)
  An iron imp (D)
  2 jellies (D)
  A quasit (D)
  4 orc wizards (D)
  An iguana (D)
  A sheep (D)
  A worker ant (D)
  3 river rats (D)
  3 shadow imps (D)
  A giant eyeball (D)
  An ufetubus (D)
  2 adder zombies (D)
  9 orcs (D)
  2 goblins (D)
  A hobgoblin (D)
  A jackal (D)
  2 kobolds (D)
  A bat simulacrum (D)
  A quokka skeleton (D)
  A rat (D)
  2 briar patches (D)
  A crawling corpse (D)
606 creatures vanquished.

Vanquished Creatures (collateral kills)
  Mara (D)
  A tengu reaver (D)
  A frost giant (D)
  A fire giant (D)
  A very ugly thing (D)
  An ogre mage (D)
  A yaktaur captain (D)
  A rakshasa (D)
  A great orb of eyes (D)
  2 orc knights (D)
  A freezing wraith (D)
  11 orc warriors (D)
  An orc priest (D)
24 creatures vanquished.

Vanquished Creatures (others)
  An emperor scorpion (D)
  An ice dragon (D)
  A naga (D)
3 creatures vanquished.

Grand Total: 633 creatures vanquished

Notes
Turn   | Place    | Note
--------------------------------------------------------------
     0 | D        | mopl the Ogre Berserker began the quest for the Orb.
     0 | D        | Reached XP level 1. HP: 24/24 MP: 1/1
     9 | D        | Reached ** piety under Trog
     9 | D        | Reached skill level 1 in Throwing
    11 | D        | Reached skill level 5 in Maces & Flails
   113 | D        | Noticed an ogre
   113 | D        | Noticed a centaur
   118 | D        | Reached *** piety under Trog
   118 | D        | Reached XP level 2. HP: 27/33 MP: 2/2
   124 | D        | Killed an ogre
   124 | D        | Reached skill level 6 in Fighting
   124 | D        | Reached skill level 8 in Maces & Flails
   124 | D        | Reached skill level 3 in Throwing
   124 | D        | Reached XP level 3. HP: 45/45 MP: 3/3
   124 | D        | Reached XP level 4. HP: 53/53 MP: 4/4
   132 | D        | Killed a centaur
   132 | D        | Reached skill level 8 in Fighting
   132 | D        | Reached skill level 10 in Maces & Flails
   132 | D        | Reached skill level 5 in Throwing
   132 | D        | Reached XP level 5. HP: 37/63 MP: 5/5
   316 | D        | Found a glowing silver altar of Zin.
   316 | D        | Found a glowing golden altar of the Shining One.
   316 | D        | Found an ancient bone altar of Kikubaaqudgha.
   316 | D        | Found a basalt altar of Yredelemnul.
   316 | D        | Found a shimmering altar of Xom.
   316 | D        | Found a radiant altar of Vehumet.
   317 | D        | Found an iron altar of Okawaru.
   318 | D        | Found a burning altar of Makhleb.
   319 | D        | Found a deep blue altar of Sif Muna.
   320 | D        | Found a bloodstained altar of Trog.
   321 | D        | Found a sparkling altar of Nemelex Xobeh.
   322 | D        | Found a white marble altar of Elyvilon.
   323 | D        | Found a roughly hewn altar of Beogh.
   324 | D        | Found a viscous altar of Jiyva.
   325 | D        | Found a corrupted altar of Lugonu.
   326 | D        | Found a blossoming altar of Fedhas.
   327 | D        | Found a snail-covered altar of Cheibriados.
   328 | D        | Found a shadowy altar of Dithmenos.
   329 | D        | Found a stormy altar of Qazlal.
   330 | D        | Found an opulent altar of Gozag.
   331 | D        | Found a sacrificial altar of Ru.
   357 | D        | Noticed a crimson imp
   357 | D        | Noticed a two-headed ogre
   357 | D        | Noticed a worker ant
   357 | D        | Noticed a jelly
   357 | D        | Noticed a jelly
   357 | D        | Noticed an orc warrior
   363 | D        | Killed a crimson imp
   363 | D        | Received a gift from Trog
   363 | D        | Reached **** piety under Trog
   363 | D        | Reached skill level 11 in Maces & Flails
   366 | D        | Killed a two-headed ogre
   366 | D        | Reached skill level 10 in Fighting
   366 | D        | Reached skill level 13 in Maces & Flails
   366 | D        | Reached skill level 6 in Throwing
   366 | D        | Reached XP level 6. HP: 61/78 MP: 6/6
   368 | D        | Killed a worker ant
   370 | D        | Killed a jelly
   370 | D        | Reached skill level 7 in Throwing
   371 | D        | Killed a jelly
   371 | D        | Reached ***** piety under Trog
   371 | D        | Reached XP level 7. HP: 68/87 MP: 7/7
   378 | D        | Killed an orc warrior
   650 | D        | Noticed a griffon
   650 | D        | Noticed a wyvern
   650 | D        | Noticed a crimson imp
   650 | D        | Noticed a hill giant
   650 | D        | Noticed a killer bee
   650 | D        | Noticed a troll
   655 | D        | Killed a griffon
   655 | D        | Reached skill level 11 in Fighting
   655 | D        | Reached skill level 15 in Maces & Flails
   655 | D        | Reached skill level 8 in Throwing
   655 | D        | Reached XP level 8. HP: 71/98 MP: 8/8
   660 | D        | Killed a hill giant
   660 | D        | Received a gift from Trog
   660 | D        | Reached skill level 12 in Fighting
   660 | D        | Reached skill level 16 in Maces & Flails
   660 | D        | Reached skill level 9 in Throwing
   661 | D        | Killed a wyvern
   664 | D        | Killed a crimson imp
   667 | D        | Killed a killer bee
   667 | D        | Reached skill level 13 in Fighting
   667 | D        | Reached skill level 17 in Maces & Flails
   670 | D        | Killed a troll
   670 | D        | Reached XP level 9. HP: 61/110 MP: 9/9
  1045 | D        | Noticed a porcupine
  1045 | D        | Noticed a hippogriff
  1045 | D        | Noticed a komodo dragon
  1045 | D        | Noticed a komodo dragon
  1045 | D        | Noticed a giant frog
  1047 | D        | Noticed a spiny frog
  1052 | D        | Killed a porcupine
  1052 | D        | Reached skill level 10 in Throwing
  1053 | D        | Received a gift from Trog
  1058 | D        | Killed a hippogriff
  1059 | D        | Noticed a blink frog
  1061 | D        | Noticed a giant frog
  1063 | D        | Killed a komodo dragon
  1063 | D        | Reached skill level 18 in Maces & Flails
  1069 | D        | Killed a komodo dragon
  1069 | D        | Reached skill level 14 in Fighting
  1070 | D        | Killed a spiny frog
  1070 | D        | Reached skill level 11 in Throwing
  1074 | D        | Killed a giant frog
  1074 | D        | Reached skill level 19 in Maces & Flails
  1082 | D        | Killed a giant frog
  1082 | D        | Received a gift from Trog
  1084 | D        | Killed a blink frog
  1084 | D        | Received a gift from Trog
  1447 | D        | Noticed an iguana
  1447 | D        | Noticed a crocodile
  1447 | D        | Noticed a hippogriff
  1447 | D        | Noticed a blink frog
  1450 | D        | Killed an iguana
  1450 | D        | Received a gift from Trog
  1452 | D        | Noticed a basilisk
  1454 | D        | Noticed a water moccasin
  1455 | D        | Killed a crocodile
  1455 | D        | Reached XP level 10. HP: 121/123 MP: 3/10
  1457 | D        | Killed a hippogriff
  1462 | D        | Killed a basilisk
  1469 | D        | Killed a water moccasin
  1481 | D        | Killed a blink frog
  1481 | D        | Reached skill level 15 in Fighting
  1662 | D        | Noticed a polar bear
  1662 | D        | Noticed a black bear
  1662 | D        | Noticed a polar bear
  1662 | D        | Noticed a black bear
  1662 | D        | Noticed a polar bear
  1662 | D        | Noticed a polar bear
  1667 | D        | Noticed a black bear
  1667 | D        | Killed a polar bear
  1667 | D        | Reached ****** piety under Trog
  1667 | D        | Reached skill level 20 in Maces & Flails
  1670 | D        | Killed a polar bear
  1673 | D        | Killed a black bear
  1673 | D        | Received a gift from Trog
  1676 | D        | Killed a polar bear
  1676 | D        | Reached skill level 12 in Throwing
  1678 | D        | Killed a black bear
  1681 | D        | Killed a polar bear
  1683 | D        | Killed a black bear
  1684 | D        | Noticed a black bear
  1692 | D        | Killed a black bear
  1837 | D        | Noticed Erolcha
  1841 | D        | Killed Erolcha
  1841 | D        | Received a gift from Trog
  1841 | D        | Reached skill level 16 in Fighting
  1841 | D        | Reached skill level 21 in Maces & Flails
  1905 | D        | Noticed an orc wizard
  1905 | D        | Noticed an orc priest
  1908 | D        | Noticed an orc warrior
  1910 | D        | Killed an orc wizard
  1910 | D        | Received a gift from Trog
  1911 | D        | Killed an orc priest
  1912 | D        | Noticed an orc wizard
  1915 | D        | Noticed an orc wizard
  1916 | D        | Killed an orc warrior
  1920 | D        | Killed an orc wizard
  1920 | D        | Received a gift from Trog
  1924 | D        | Killed an orc wizard
  2042 | D        | Noticed an orc warrior
  2042 | D        | Noticed an orc warrior
  2042 | D        | Noticed an orc warrior
  2042 | D        | Noticed an orc warrior
  2042 | D        | Noticed an orc priest
  2042 | D        | Noticed an orc warrior
  2043 | D        | Noticed an orc knight
  2052 | D        | Killed an orc warrior
  2052 | D        | Killed an orc warrior
  2054 | D        | Killed an orc warrior
  2054 | D        | Received a gift from Trog
  2055 | D        | Killed an orc warrior
  2058 | D        | Killed an orc knight
  2064 | D        | Killed an orc warrior
  2064 | D        | Received a gift from Trog
  2064 | D        | Reached XP level 11. HP: 73/136 MP: 3/11
  2064 | D        | Killed an orc priest
  2070 | D        | Noticed an orc knight
  2073 | D        | Killed an orc knight
  2083 | D        | Noticed an orc priest
  2085 | D        | Noticed an orc knight
  2086 | D        | Killed an orc priest
  2087 | D        | Noticed an orc wizard
  2090 | D        | Killed an orc wizard
  2091 | D        | Killed an orc knight
  2091 | D        | Reached skill level 22 in Maces & Flails
  2091 | D        | Reached skill level 13 in Throwing
  2093 | D        | Noticed an orc knight
  2096 | D        | Killed an orc knight
  2096 | D        | Received a gift from Trog
  2319 | D        | Found Gyamefot's Magic Scroll Emporium.
  2319 | D        | Noticed an orc warrior
  2319 | D        | Noticed an orc knight
  2319 | D        | Noticed an orc warrior
  2319 | D        | Noticed an orc warrior
  2319 | D        | Noticed an orc warrior
  2321 | D        | Noticed an orc knight
  2324 | D        | Killed an orc knight
  2324 | D        | Reached skill level 17 in Fighting
  2325 | D        | Noticed an orc warrior
  2327 | D        | Killed an orc warrior
  2328 | D        | Killed an orc warrior
  2332 | D        | Noticed an orc warrior
  2333 | D        | Killed an orc knight
  2335 | D        | Killed an orc warrior
  2337 | D        | Killed an orc warrior
  2337 | D        | Received a gift from Trog
  2338 | D        | Killed an orc warrior
  2339 | D        | Killed an orc warrior
  2353 | D        | Found Dyfapt's Book Shoppe.
  2357 | D        | Found Biph's Gadget Emporium.
  2361 | D        | Found Esesotz's Antique Armour Shoppe.
  2363 | D        | Noticed an orc knight
  2367 | D        | Noticed an orc warrior
  2369 | D        | Noticed an orc warrior
  2369 | D        | Killed an orc knight
  2370 | D        | Killed an orc warrior
  2373 | D        | Noticed an orc warrior
  2373 | D        | Killed an orc warrior
  2375 | D        | Killed an orc warrior
  2375 | D        | Received a gift from Trog
  2376 | D        | Got a slimy giant spiked club {god gift}
  2377 | D        | Identified the +8 giant spiked club of Extermination {flame, +Rage rF+ Str+3 Int+2} (Trog gifted it to you in the Dungeon)
  2378 | D        | Bought a scroll of blinking for 75 gold pieces
  2378 | D        | Bought a scroll of enchant weapon for 75 gold pieces
  2378 | D        | Bought a scroll of random uselessness for 10 gold pieces
  2378 | D        | Bought a scroll of enchant weapon for 75 gold pieces
  2379 | D        | Noticed an orc warrior
  2379 | D        | Bought a scroll of recharging for 95 gold pieces
  2379 | D        | Bought a scroll of remove curse for 30 gold pieces
  2379 | D        | Bought a scroll of fog for 20 gold pieces
  2379 | D        | Bought a scroll of enchant armour for 75 gold pieces
  2379 | D        | Bought a scroll of identify for 20 gold pieces
  2379 | D        | Bought a scroll of fear for 35 gold pieces
  2382 | D        | Killed an orc warrior
  2382 | D        | Reached skill level 23 in Maces & Flails
  2385 | D        | Bought a wand of hasting (3) for 546 gold pieces
  2442 | D        | Noticed Maurice
  2452 | D        | Noticed a wolf
  2453 | D        | Noticed Grum
  2454 | D        | Killed Maurice
  2455 | D        | Killed a wolf
  2456 | D        | Noticed a wolf
  2456 | D        | Noticed a wolf
  2457 | D        | Noticed a wolf
  2460 | D        | Killed Grum
  2464 | D        | Killed a wolf
  2468 | D        | Killed a wolf
  2471 | D        | Killed a wolf
  2780 | D        | Noticed a hill giant
  2780 | D        | Noticed a fire drake
  2780 | D        | Noticed a hungry ghost
  2780 | D        | Noticed a troll
  2780 | D        | Noticed a hill giant
  2780 | D        | Noticed a slime creature
  2785 | D        | Killed a hill giant
  2785 | D        | Reached skill level 14 in Throwing
  2787 | D        | Noticed a hippogriff
  2787 | D        | Killed a fire drake
  2787 | D        | Received a gift from Trog
  2788 | D        | Killed a hungry ghost
  2790 | D        | Killed a troll
  2790 | D        | Reached skill level 18 in Fighting
  2791 | D        | Killed a hill giant
  2793 | D        | Killed a hippogriff
  2794 | D        | Noticed a yaktaur
  2795 | D        | Noticed a yaktaur
  2799 | D        | Killed a slime creature
  2800 | D        | Noticed a brown ugly thing
  2804 | D        | Killed a yaktaur
  2804 | D        | Reached skill level 24 in Maces & Flails
  2805 | D        | Noticed a hippogriff
  2807 | D        | Noticed a yaktaur
  2807 | D        | Killed a yaktaur
  2808 | D        | Noticed a vampire mage
  2808 | D        | a hippogriff changed into a wind drake
  2809 | D        | Killed a brown ugly thing
  2809 | D        | Received a gift from Trog
  2809 | D        | Reached skill level 1 in Armour
  2809 | D        | Reached skill level 3 in Dodging
  2809 | D        | Reached XP level 12. HP: 114/152 MP: 8/12
  2819 | D        | Killed a yaktaur
  2823 | D        | Killed a vampire mage
  2823 | D        | Reached skill level 2 in Armour
  2830 | D        | Gained mutation: You can spit weak poison. [mutagenic meat]
  2911 | D        | Noticed an ettin
  2912 | D        | Noticed a deep troll earth mage
  2917 | D        | Killed an ettin
  2917 | D        | Reached skill level 15 in Throwing
  2917 | D        | Reached skill level 3 in Armour
  2917 | D        | Reached skill level 4 in Dodging
  2922 | D        | Killed a deep troll earth mage
  2922 | D        | Received a gift from Trog
  3300 | D        | Noticed a giant leech
  3300 | D        | Noticed a swamp dragon
  3300 | D        | Noticed a slime creature
  3300 | D        | Noticed a spiny frog
  3300 | D        | Noticed a swamp drake
  3300 | D        | Noticed an alligator
  3317 | D        | Killed a giant leech
  3317 | D        | Received a gift from Trog
  3320 | D        | Killed a swamp dragon
  3320 | D        | Received a gift from Trog
  3320 | D        | Reached skill level 5 in Dodging
  3322 | D        | Killed a slime creature
  3326 | D        | Killed a spiny frog
  3326 | D        | Reached skill level 19 in Fighting
  3326 | D        | Reached skill level 4 in Armour
  3329 | D        | Killed an alligator
  3331 | D        | Killed a swamp drake
  3335 | D        | Noticed a thorn hunter
  3343 | D        | Killed a thorn hunter
  3343 | D        | Reached skill level 16 in Throwing
  3343 | D        | Reached skill level 6 in Dodging
  3352 | D        | Noticed a five-headed hydra
  3358 | D        | Noticed a vampire mosquito
  3359 | D        | Killed a five-headed hydra
  3359 | D        | Received a gift from Trog
  3359 | D        | Reached skill level 5 in Armour
  3362 | D        | Killed a vampire mosquito
  3514 | D        | Noticed a moth of wrath
  3514 | D        | Noticed a redback
  3514 | D        | Noticed a moth of wrath
  3514 | D        | Noticed a spider
  3516 | D        | Noticed a trapdoor spider
  3521 | D        | Killed a trapdoor spider
  3523 | D        | Noticed a jumping spider
  3523 | D        | Killed a moth of wrath
  3525 | D        | Noticed a trapdoor spider
  3526 | D        | Killed a redback
  3527 | D        | Noticed a jumping spider
  3527 | D        | Killed a spider
  3529 | D        | Killed a moth of wrath
  3529 | D        | Killed a jumping spider
  3529 | D        | Received a gift from Trog
  3531 | D        | Killed a jumping spider
  3533 | D        | Killed a trapdoor spider
  3533 | D        | Reached skill level 7 in Dodging
  3537 | D        | Got a jewelled giant club {god gift}
  3542 | D        | Identified the +6 giant club of the Valley {crush, +Fly MR+ Int+4} (Trog gifted it to you in the Dungeon)
  3553 | D        | Noticed a demonic crawler
  3557 | D        | Killed a demonic crawler
  3650 | D        | Noticed a cyclops
  3650 | D        | Noticed a merfolk
  3650 | D        | Noticed a manticore
  3650 | D        | Noticed a wind drake
  3650 | D        | Noticed a harpy
  3650 | D        | Noticed a manticore
  3651 | D        | Noticed a merfolk javelineer
  3652 | D        | Killed a cyclops
  3652 | D        | Reached skill level 17 in Throwing
  3653 | D        | Noticed a siren
  3655 | D        | Killed a merfolk
  3655 | D        | Reached skill level 6 in Armour
  3656 | D        | Killed a manticore
  3656 | D        | Received a gift from Trog
  3656 | D        | Reached XP level 13. HP: 158/165 MP: 13/13
  3657 | D        | Noticed a wind drake
  3659 | D        | Killed a wind drake
  3660 | D        | Killed a harpy
  3660 | D        | Reached skill level 20 in Fighting
  3662 | D        | Killed a manticore
  3665 | D        | Killed a merfolk javelineer
  3669 | D        | Killed a siren
  3669 | D        | Received a gift from Trog
  3677 | D        | Killed a wind drake
  3677 | D        | Reached skill level 8 in Dodging
  3839 | D        | Noticed a naga warrior
  3839 | D        | Noticed a naga sharpshooter
  3839 | D        | Noticed a naga warrior
  3839 | D        | Noticed a black mamba
  3839 | D        | Noticed an anaconda
  3839 | D        | Noticed a naga warrior
  3844 | D        | Killed a naga warrior
  3845 | D        | Killed a naga warrior
  3845 | D        | Reached skill level 7 in Armour
  3847 | D        | Killed a naga sharpshooter
  3847 | D        | Received a gift from Trog
  3848 | D        | Killed an anaconda
  3848 | D        | Reached skill level 18 in Throwing
  3849 | D        | Noticed a guardian serpent
  3850 | D        | Killed a black mamba
  3850 | D        | Received a gift from Trog
  3851 | D        | Noticed a guardian serpent
  3852 | D        | Killed a naga warrior
  3852 | D        | Received a gift from Trog
  3853 | D        | Noticed a naga mage
  3855 | D        | Killed a guardian serpent
  3858 | D        | Killed a naga mage
  3862 | D        | Killed a guardian serpent
  3862 | D        | Reached skill level 9 in Dodging
  4107 | D        | Noticed a stone giant
  4107 | D        | Noticed an ice dragon
  4107 | D        | Noticed a frost giant
  4107 | D        | Noticed a rakshasa
  4107 | D        | Noticed a great orb of eyes
  4107 | D        | Noticed a yaktaur captain
  4116 | D        | Killed a stone giant
  4116 | D        | Received a gift from Trog
  4116 | D        | Reached skill level 8 in Armour
  4122 | D        | Noticed a tengu reaver
  4127 | D        | Noticed a fire giant
  4127 | D        | Killed an ice dragon
  4127 | D        | HP: 4/167 [frost giant/bolt of cold (51)]
  4129 | D        | Killed a frost giant
  4131 | D        | Killed a rakshasa
  4131 | D        | Reached skill level 21 in Fighting
  4135 | D        | Killed a great orb of eyes
  4137 | D        | Killed a yaktaur captain
  4137 | D        | Received a gift from Trog
  4142 | D        | Killed a tengu reaver
  4142 | D        | Received a gift from Trog
  4142 | D        | Reached skill level 19 in Throwing
  4144 | D        | Noticed a green very ugly thing
  4145 | D        | Killed a fire giant
  4146 | D        | Noticed a frost giant
  4149 | D        | Killed a green very ugly thing
  4149 | D        | Reached skill level 10 in Dodging
  4150 | D        | Noticed a tentacled monstrosity
  4157 | D        | Killed a tentacled monstrosity
  4157 | D        | Reached skill level 9 in Armour
  4161 | D        | Killed a frost giant
  4161 | D        | Received a gift from Trog
  4168 | D        | Got a crystal giant club {god gift}
  4169 | D        | Identified the +7 giant club of the Pit {drain, rPois rC- rN+++ Str+2} (Trog gifted it to you in the Dungeon)
  4297 | D        | Got a dazzling giant club {god gift}
  4298 | D        | Identified the +9 giant club "Qoghu" {drain, Str+3 Int+3 Dex-2} (Trog gifted it to you in the Dungeon)
  4419 | D        | Noticed a shock serpent
  4420 | D        | Noticed a tengu warrior
  4421 | D        | Noticed a stone giant
  4421 | D        | Noticed a slime creature
  4422 | D        | a shock serpent changed into a glowing shapeshifter
  4423 | D        | Reached XP level 14. HP: 156/179 MP: 14/14
  4425 | D        | Killed a stone giant
  4427 | D        | Killed a slime creature
  4428 | D        | Noticed a stone giant
  4429 | D        | Killed a tengu warrior
  4429 | D        | Received a gift from Trog
  4432 | D        | Noticed a stone giant
  4433 | D        | Killed a stone giant
  4433 | D        | Reached skill level 20 in Throwing
  4437 | D        | Killed a stone giant
  4437 | D        | Received a gift from Trog
  4437 | D        | Reached skill level 22 in Fighting
  4437 | D        | Reached skill level 11 in Dodging
  4438 | D        | Noticed a yaktaur
  4442 | D        | Killed a yaktaur
  4632 | D        | Noticed a purple ugly thing
  4632 | D        | Noticed a vault sentinel
  4632 | D        | Noticed an ironbrand convoker
  4632 | D        | Noticed a yaktaur captain
  4632 | D        | Noticed a hornet
  4632 | D        | Noticed a centaur warrior
  4633 | D        | Killed a purple ugly thing
  4634 | D        | Noticed a deep elf fighter
  4638 | D        | Killed an ironbrand convoker
  4638 | D        | Reached skill level 10 in Armour
  4640 | D        | Killed a yaktaur captain
  4644 | D        | Killed a vault sentinel
  4644 | D        | Received a gift from Trog
  4645 | D        | Killed a hornet
  4646 | D        | Noticed a slime creature
  4646 | D        | Killed a centaur warrior
  4647 | D        | Killed a deep elf fighter
  4652 | D        | Noticed a wolf spider
  4656 | D        | Killed a slime creature
  4659 | D        | Noticed a yaktaur
  4659 | D        | Killed a wolf spider
  4659 | D        | Received a gift from Trog
  4661 | D        | Noticed a griffon
  4662 | D        | Noticed a great orb of eyes
  4663 | D        | Noticed a frost giant
  4664 | D        | Noticed a deep elf priest
  4666 | D        | Killed a yaktaur
  4668 | D        | Killed a griffon
  4669 | D        | Noticed an orc knight
  4672 | D        | Killed a great orb of eyes
  4677 | D        | Killed a frost giant
  4689 | D        | Killed a deep elf priest
  4690 | D        | Reached skill level 21 in Throwing
  4690 | D        | Reached skill level 12 in Dodging
  4692 | D        | Noticed a freezing wraith
  4694 | D        | Killed an orc knight
  4694 | D        | Received a gift from Trog
  4695 | D        | Noticed an ogre mage
  4701 | D        | Killed a freezing wraith
  4702 | D        | Killed an ogre mage
  4707 | D        | Noticed a stone giant
  4713 | D        | Killed a stone giant
  4713 | D        | Reached skill level 11 in Armour
  4721 | D        | Noticed a vault sentinel
  4722 | D        | Killed a vault sentinel
  4724 | D        | Noticed a white very ugly thing
  4728 | D        | Killed a white very ugly thing
  4728 | D        | Received a gift from Trog
  5138 | D        | Noticed Nikola
  5149 | D        | Noticed Jory
  5149 | D        | Killed Nikola
  5149 | D        | Received a gift from Trog
  5149 | D        | Reached skill level 23 in Fighting
  5153 | D        | Noticed Frederick
  5157 | D        | Killed Jory
  5160 | D        | Killed Frederick
  5160 | D        | Reached skill level 22 in Throwing
  5160 | D        | Reached skill level 13 in Dodging
  5160 | D        | Reached XP level 15. HP: 56/195 MP: 15/15
  5518 | D        | Got the +6 scythe of the Common Good {holy, Dex+4}
  5643 | D        | Noticed Norris
  5644 | D        | Noticed Mara
  5645 | D        | Noticed Louise
  5658 | D        | Noticed mopl's illusion
  5664 | D        | Killed Louise
  5664 | D        | Received a gift from Trog
  5664 | D        | Reached skill level 12 in Armour
  5669 | D        | Killed Norris
  5697 | D        | Killed Mara
  5697 | D        | Received a gift from Trog
  5697 | D        | Reached skill level 24 in Fighting
  5697 | D        | Reached skill level 23 in Throwing
  6028 | D        | Noticed a merfolk javelineer
  6028 | D        | Noticed a merfolk impaler
  6028 | D        | Noticed a merfolk avatar
  6028 | D        | Noticed a merfolk impaler
  6028 | D        | Noticed a merfolk javelineer
  6028 | D        | Noticed a merfolk javelineer
  6029 | D        | Noticed a merfolk
  6034 | D        | Killed a merfolk impaler
  6035 | D        | Noticed a merfolk impaler
  6037 | D        | Killed a merfolk javelineer
  6037 | D        | Reached skill level 14 in Dodging
  6038 | D        | Noticed a merfolk javelineer
  6041 | D        | Noticed a merfolk javelineer
  6044 | D        | Killed a merfolk avatar
  6045 | D        | Noticed a merfolk avatar
  6048 | D        | Killed a merfolk javelineer
  6049 | D        | Noticed Ilsuiw
  6052 | D        | Killed a merfolk javelineer
  6053 | D        | Noticed a merfolk impaler
  6057 | D        | Killed a merfolk javelineer
  6057 | D        | Received a gift from Trog
  6057 | D        | Reached skill level 13 in Armour
  6068 | D        | Killed a merfolk javelineer
  6076 | D        | Killed Ilsuiw
  6076 | D        | Received a gift from Trog
  6089 | D        | Killed a merfolk avatar
  6098 | D        | Killed a merfolk impaler
  6102 | D        | Killed a merfolk impaler
  6105 | D        | Killed a merfolk impaler
  6105 | D        | Received a gift from Trog
  6107 | D        | Killed a merfolk
  6118 | D        | Got a barnacled rune of Zot
  6310 | D        | Noticed a demonic crawler
  6310 | D        | Noticed a jumping spider
  6310 | D        | Noticed an emperor scorpion
  6310 | D        | Noticed a wolf spider
  6310 | D        | Noticed a moth of wrath
  6314 | D        | Killed a demonic crawler
  6314 | D        | Received a gift from Trog
  6316 | D        | Killed a jumping spider
  6329 | D        | Killed an emperor scorpion
  6329 | D        | Reached skill level 24 in Throwing
  6335 | D        | Killed a ghost moth
  6338 | D        | Killed a wolf spider
  6338 | D        | Reached skill level 25 in Fighting
  6340 | D        | Killed a moth of wrath
  6340 | D        | Received a gift from Trog
  6342 | D        | Killed a ghost moth
  6345 | D        | Noticed an emperor scorpion
  6346 | D        | Noticed a wolf spider
  6347 | D        | Noticed an emperor scorpion
  6349 | D        | Noticed an emperor scorpion
  6350 | D        | Banished an emperor scorpion
  6350 | D        | Reached skill level 15 in Dodging
  6351 | D        | Killed a wolf spider
  6352 | D        | Noticed an emperor scorpion
  6361 | D        | Killed an emperor scorpion
  6363 | D        | Got a gossamer rune of Zot
  6370 | D        | Killed a ghost moth
  6382 | D        | Killed an emperor scorpion
  6394 | D        | Killed an emperor scorpion
  6394 | D        | Received a gift from Trog
  6394 | D        | Reached skill level 14 in Armour
  6397 | D        | Got a blackened giant spiked club {god gift}
  6417 | D        | Identified the +6 giant spiked club of Overwhelming Force {vamp, rPois Int-5 Dex+2} (Trog gifted it to you in the Dungeon)
  6841 | D        | Noticed a five-headed hydra
  6841 | D        | Noticed a swamp dragon
  6841 | D        | Noticed a swamp dragon
  6841 | D        | Noticed a swamp dragon
  6841 | D        | Noticed a swamp drake
  6841 | D        | Noticed a swamp dragon
  6843 | D        | Killed a five-headed hydra
  6851 | D        | Noticed a giant leech
  6852 | D        | Killed a swamp dragon
  6852 | D        | Reached skill level 1 in Evocations
  6852 | D        | Reached XP level 16. HP: 202/211 MP: 16/16
  6853 | D        | Noticed a swamp dragon
  6856 | D        | Noticed a swamp dragon
  6859 | D        | Killed a swamp dragon
  6861 | D        | Killed a swamp dragon
  6865 | D        | Noticed a swamp dragon
  6868 | D        | Killed a swamp drake
  6869 | D        | Noticed a seven-headed hydra
  6872 | D        | Killed a swamp dragon
  6872 | D        | Received a gift from Trog
  6874 | D        | Noticed an eight-headed hydra
  6876 | D        | Killed a giant leech
  6876 | D        | Reached skill level 2 in Evocations
  6877 | D        | Killed a swamp dragon
  6881 | D        | Killed a swamp dragon
  6881 | D        | Received a gift from Trog
  6885 | D        | Killed a swamp dragon
  6888 | D        | Killed a seven-headed hydra
  6891 | D        | Killed an eight-headed hydra
  6893 | D        | Noticed a swamp drake
  6896 | D        | Got a scorched giant club {god gift}
  6897 | D        | Identified the +4 giant club "Offuwix" {flame, MR+ Int+4} (Trog gifted it to you in the Dungeon)
  6899 | D        | Killed a swamp drake
  6907 | D        | Got a decaying rune of Zot
  6914 | D        | Noticed a naga
  6914 | D        | Noticed a naga
  6914 | D        | Noticed a guardian serpent
  6914 | D        | Noticed a naga
  6914 | D        | Noticed a naga mage
  6914 | D        | Noticed a guardian serpent
  6915 | D        | Noticed a greater naga
  6916 | D        | Killed a naga
  6916 | D        | Reached skill level 25 in Throwing
  6917 | D        | Noticed a greater naga
  6920 | D        | Killed a naga
  6921 | D        | Noticed a greater naga
  6922 | D        | Killed a guardian serpent
  6922 | D        | Received a gift from Trog
  6922 | D        | Reached skill level 3 in Evocations
  6923 | D        | Noticed a guardian serpent
  6926 | D        | Noticed a guardian serpent
  6926 | D        | Killed a greater naga
  6926 | D        | Received a gift from Trog
  6927 | D        | Killed a guardian serpent
  6928 | D        | Killed a naga mage
  6929 | D        | Noticed a greater naga
  6932 | D        | Noticed a naga
  6938 | D        | Killed a greater naga
  6938 | D        | Received a gift from Trog
  6940 | D        | Killed a guardian serpent
  6942 | D        | Killed a naga
  6946 | D        | Killed a greater naga
  6946 | D        | Received a gift from Trog
  6946 | D        | Reached skill level 4 in Evocations
  6948 | D        | Killed a naga
  6948 | D        | Reached skill level 25 in Maces & Flails
  6953 | D        | Killed a greater naga
  6954 | D        | Killed a guardian serpent
  6956 | D        | Got a serpentine rune of Zot
  7042 | D        | Noticed Xtahua
  7049 | D        | Killed Xtahua
  7049 | D        | Received a gift from Trog
  7049 | D        | Reached skill level 26 in Fighting
  7049 | D        | Reached skill level 16 in Dodging
  7049 | D        | Reached skill level 5 in Evocations
  7071 | D        | Noticed a vault guard
  7071 | D        | Noticed a vault guard
  7071 | D        | Noticed a vault guard
  7071 | D        | Noticed a vault guard
  7071 | D        | Noticed a vault guard
  7071 | D        | Noticed a vault guard
  7076 | D        | Killed a vault guard
  7077 | D        | Noticed a vault guard
  7083 | D        | Noticed a vault guard
  7084 | D        | Killed a vault guard
  7086 | D        | Killed a vault guard
  7087 | D        | Noticed a vault guard
  7088 | D        | Killed a vault guard
  7092 | D        | Noticed a vault guard
  7092 | D        | Killed a vault guard
  7092 | D        | Received a gift from Trog
  7095 | D        | Noticed a vault guard
  7098 | D        | Killed a vault guard
  7098 | D        | Reached skill level 15 in Armour
  7100 | D        | Killed a vault guard
  7101 | D        | Noticed a vault guard
  7104 | D        | Killed a vault guard
  7104 | D        | Reached skill level 6 in Evocations
  7105 | D        | Noticed a vault guard
  7108 | D        | Killed a vault guard
  7109 | D        | Noticed a vault guard
  7113 | D        | Killed a vault guard
  7116 | D        | Killed a vault guard
  7116 | D        | Received a gift from Trog
  7120 | D        | Killed a vault guard
  7120 | D        | Reached skill level 26 in Throwing
  7124 | D        | Killed a vault guard
  7127 | D        | Killed a vault guard
  7127 | D        | Received a gift from Trog
  7131 | D        | Got a smoking giant spiked club {god gift}
  7145 | D        | Noticed a vault guard
  7146 | D        | Noticed a vault guard
  7147 | D        | Noticed a vault guard
  7148 | D        | Noticed a vault guard
  7149 | D        | Identified the +7 giant spiked club of Triumph {drain, rF+ Dex+2} (Trog gifted it to you in the Dungeon)
  7154 | D        | Killed a vault guard
  7155 | D        | Noticed a vault guard
  7158 | D        | Noticed a vault guard
  7159 | D        | Killed a vault guard
  7160 | D        | Noticed a vault guard
  7163 | D        | Killed a vault guard
  7164 | D        | Noticed a vault guard
  7166 | D        | Killed a vault guard
  7166 | D        | Reached skill level 7 in Evocations
  7167 | D        | Noticed a vault guard
  7170 | D        | Noticed a vault guard
  7172 | D        | Killed a vault guard
  7178 | D        | Killed a vault guard
  7180 | D        | Killed a vault guard
  7186 | D        | Killed a vault guard
  7186 | D        | Received a gift from Trog
  7194 | D        | Killed a vault guard
  7194 | D        | Reached skill level 26 in Maces & Flails
  7196 | D        | Killed a vault guard
  7196 | D        | Received a gift from Trog
  7212 | D        | Noticed a vault guard
  7220 | D        | Killed a vault guard
  7224 | D        | Noticed a vault sentinel
  7224 | D        | Noticed an ironbrand convoker
  7224 | D        | Noticed a flayed ghost
  7224 | D        | Noticed a hornet
  7224 | D        | Noticed a stone giant
  7224 | D        | Noticed a tentacled monstrosity
  7225 | D        | Noticed a necromancer
  7227 | D        | Noticed a frost giant
  7229 | D        | Killed an ironbrand convoker
  7231 | D        | Killed a vault sentinel
  7231 | D        | Reached skill level 17 in Dodging
  7232 | D        | Noticed a frost giant
  7237 | D        | Killed a flayed ghost
  7245 | D        | Noticed an ironbrand convoker
  7247 | D        | Killed a tentacled monstrosity
  7247 | D        | Reached skill level 27 in Fighting
  7247 | D        | Reached skill level 8 in Evocations
  7247 | D        | Reached XP level 17. HP: 167/226 MP: 21/23
  7248 | D        | Noticed a hornet
  7251 | D        | Killed a stone giant
  7251 | D        | Received a gift from Trog
  7254 | D        | Killed a frost giant
  7255 | D        | Noticed a shadow dragon
  7255 | D        | Killed a hornet
  7257 | D        | Killed a necromancer
  7257 | D        | Received a gift from Trog
  7260 | D        | Noticed a great orb of eyes
  7260 | D        | Killed a frost giant
  7260 | D        | Received a gift from Trog
  7263 | D        | Killed an ironbrand convoker
  7263 | D        | Received a gift from Trog
  7263 | D        | Reached skill level 16 in Armour
  7264 | D        | Noticed a boulder beetle
  7267 | D        | Noticed a shadow dragon
  7273 | D        | Killed a shadow dragon
  7273 | D        | Reached skill level 27 in Throwing
  7277 | D        | Killed a hornet
  7277 | D        | Reached skill level 9 in Evocations
  7281 | D        | Killed a great orb of eyes
  7283 | D        | Noticed a purple very ugly thing
  7286 | D        | Killed a shadow dragon
  7286 | D        | Received a gift from Trog
  7289 | D        | Killed a boulder beetle
  7296 | D        | Killed a purple very ugly thing
  7348 | D        | Noticed a stone giant
  7348 | D        | Noticed a shadow dragon
  7348 | D        | Noticed a redback
  7348 | D        | Noticed a shadow dragon
  7348 | D        | Noticed a titan
  7348 | D        | Noticed a shadow dragon
  7404 | D        | Killed a stone giant
  7408 | D        | Killed a shadow dragon
  7408 | D        | Reached skill level 27 in Maces & Flails
  7410 | D        | Killed a redback
  7410 | D        | Received a gift from Trog
  7412 | D        | Killed a shadow dragon
  7412 | D        | Reached skill level 18 in Dodging
  7412 | D        | Reached skill level 10 in Evocations
  7414 | D        | Killed a titan
  7418 | D        | Killed a shadow dragon
  7421 | D        | Noticed a shadow dragon
  7427 | D        | Killed a shadow dragon
  7427 | D        | Received a gift from Trog
  7427 | D        | Reached skill level 17 in Armour
  7427 | D        | Reached skill level 11 in Evocations
  7434 | D        | Noticed a quicksilver dragon
  7436 | D        | Noticed a shadow dragon
  7440 | D        | Killed a quicksilver dragon
  7440 | D        | Received a gift from Trog
  7444 | D        | Killed a shadow dragon
  7462 | D        | Got a silver rune of Zot
  7731 | D        | Noticed Boris
  7740 | D        | Noticed Mennas
  7740 | D        | Killed Boris
  7740 | D        | Received a gift from Trog
  7740 | D        | Reached skill level 19 in Dodging
  7740 | D        | Reached skill level 12 in Evocations
  7761 | D        | Killed Mennas
  7761 | D        | Reached skill level 18 in Armour
  7806 | D        | Got the ring "Ufoni" {MR+ Dex+3}
  7808 | D        | Got the amulet "Paahaodop" {+Rage Str+3}
  7822 | D        | Got the ring "Qeaf" {rF+ MR+ Str+4}
  7824 | D        | Got the ring "Wasom" {Dex+4 SInv}
  7826 | D        | Got the ring "Veulet" {rC+ MR- MP+9 Str+3 Dex+9}
  7956 | D        | Noticed a hell knight
  7957 | D        | Noticed a hell knight
  7958 | D        | Noticed a hell knight
  7959 | D        | Noticed Margery
  7960 | D        | Noticed a necromancer
  7962 | D        | Noticed a hell knight
  7967 | D        | Killed a hell knight
  7967 | D        | Received a gift from Trog
  7968 | D        | Noticed a necromancer
  7969 | D        | Killed a hell knight
  7969 | D        | Received a gift from Trog
  7977 | D        | Killed Margery
  7977 | D        | Reached skill level 13 in Evocations
  7978 | D        | Killed a hell knight
  7985 | D        | Killed a necromancer
  7985 | D        | Reached skill level 20 in Dodging
  7988 | D        | Killed a hell knight
  7988 | D        | Received a gift from Trog
  7996 | D        | Killed a necromancer
  7996 | D        | Received a gift from Trog
  8027 | D        | Noticed a wyvern
  8027 | D        | Noticed a deep elf mage
  8027 | D        | Noticed a green ugly thing
  8027 | D        | Noticed a vampire mosquito
  8027 | D        | Noticed a manticore
  8028 | D        | Noticed an orc knight
  8031 | D        | Killed a wyvern
  8031 | D        | Received a gift from Trog
  8032 | D        | Killed a deep elf mage
  8032 | D        | Received a gift from Trog
  8033 | D        | Noticed a centaur warrior
  8037 | D        | Killed a green ugly thing
  8037 | D        | Received a gift from Trog
  8041 | D        | Killed a vampire mosquito
  8045 | D        | Killed a manticore
  8049 | D        | Killed an orc knight
  8051 | D        | Killed a centaur warrior
  8070 | D        | Noticed a purple draconian
  8070 | D        | Noticed a fire dragon
  8070 | D        | Noticed a fire dragon
  8070 | D        | Noticed a green draconian
  8070 | D        | Noticed a white draconian
  8070 | D        | Noticed an ice dragon
  8071 | D        | Noticed a purple draconian
  8074 | D        | Killed a purple draconian
  8074 | D        | Reached skill level 14 in Evocations
  8075 | D        | Noticed a purple draconian
  8080 | D        | Killed a fire dragon
  8080 | D        | Received a gift from Trog
  8081 | D        | Killed a fire dragon
  8081 | D        | Received a gift from Trog
  8082 | D        | Noticed a mottled draconian
  8087 | D        | Killed a green draconian
  8087 | D        | Reached skill level 19 in Armour
  8091 | D        | Noticed an ice dragon
  8092 | D        | Killed a white draconian
  8092 | D        | Received a gift from Trog
  8092 | D        | Reached XP level 18. HP: 208/236 MP: 28/28
  8094 | D        | Noticed a green draconian
  8094 | D        | Killed an ice dragon
  8098 | D        | Killed a purple draconian
  8098 | D        | Received a gift from Trog
  8101 | D        | Killed a purple draconian
  8101 | D        | Received a gift from Trog
  8104 | D        | Killed a mottled draconian
  8105 | D        | Noticed a mottled draconian
  8108 | D        | Killed an ice dragon
  8110 | D        | Killed a green draconian
  8117 | D        | Killed a mottled draconian
  8117 | D        | Reached skill level 21 in Dodging
  8122 | D        | Got an encrusted giant spiked club {god gift}
  8140 | D        | Noticed a death cob
  8140 | D        | Noticed a fire dragon
  8140 | D        | Noticed a yellow draconian
  8140 | D        | Noticed a tentacled monstrosity
  8140 | D        | Noticed a yellow draconian knight
  8140 | D        | Noticed a yellow draconian monk
  8143 | D        | Killed a death cob
  8143 | D        | Reached skill level 15 in Evocations
  8144 | D        | Noticed a yellow draconian knight
  8150 | D        | Killed a tentacled monstrosity
  8151 | D        | Killed a fire dragon
  8151 | D        | Received a gift from Trog
  8155 | D        | Killed a yellow draconian knight
  8165 | D        | Killed a yellow draconian monk
  8167 | D        | Killed a yellow draconian
  8167 | D        | Reached skill level 20 in Armour
  8181 | D        | Killed a yellow draconian knight
  8181 | D        | Received a gift from Trog
  8312 | D        | Noticed a yellow draconian scorcher
  8312 | D        | Noticed a white draconian
  8312 | D        | Noticed a white draconian
  8312 | D        | Noticed a green draconian
  8312 | D        | Noticed a black draconian
  8312 | D        | Noticed a black draconian shifter
  8316 | D        | Killed a yellow draconian scorcher
  8316 | D        | Reached skill level 16 in Evocations
  8317 | D        | Noticed a black draconian
  8320 | D        | Noticed a purple draconian shifter
  8320 | D        | Killed a white draconian
  8332 | D        | Killed a white draconian
  8334 | D        | Killed a purple draconian shifter
  8334 | D        | Received a gift from Trog
  8339 | D        | Killed a green draconian
  8344 | D        | Killed a black draconian
  8344 | D        | Reached skill level 22 in Dodging
  8347 | D        | Killed a black draconian
  8350 | D        | Killed a black draconian shifter
  8350 | D        | Received a gift from Trog
  8360 | D        | Identified the +9 giant spiked club of the Moth {freeze, rF+ rC+} (Trog gifted it to you in the Dungeon)
  8366 | D        | Got a brightly glowing giant club {god gift}
  8367 | D        | Identified the +7 giant club "Qeezxaw" {drain, *Confuse rC+ Dex+7 Stlth+} (Trog gifted it to you in the Dungeon)
  8381 | D        | Noticed a red draconian
  8381 | D        | Noticed a storm dragon
  8381 | D        | Noticed a tentacled monstrosity
  8381 | D        | Noticed a red draconian
  8381 | D        | Noticed a mottled draconian scorcher
  8381 | D        | Noticed a moth of wrath
  8387 | D        | Killed a red draconian
  8388 | D        | Killed a tentacled monstrosity
  8390 | D        | Noticed an electric golem
  8390 | D        | Killed a storm dragon
  8390 | D        | Reached skill level 17 in Evocations
  8398 | D        | Killed a red draconian
  8399 | D        | Killed an electric golem
  8399 | D        | Reached skill level 21 in Armour
  8402 | D        | Noticed a green draconian
  8402 | D        | Killed a mottled draconian scorcher
  8406 | D        | Killed a moth of wrath
  8406 | D        | Received a gift from Trog
  8411 | D        | Noticed a purple draconian
  8412 | D        | Killed a green draconian
  8421 | D        | Killed a purple draconian
  8585 | D        | Noticed a purple draconian
  8585 | D        | Noticed a green draconian
  8585 | D        | Noticed a moth of wrath
  8585 | D        | Noticed a purple draconian
  8585 | D        | Noticed a white draconian knight
  8585 | D        | Noticed a storm dragon
  8593 | D        | Killed a purple draconian
  8594 | D        | Killed a green draconian
  8597 | D        | Killed a white draconian knight
  8597 | D        | Reached skill level 23 in Dodging
  8601 | D        | Killed a moth of wrath
  8604 | D        | Killed a purple draconian
  8605 | D        | Noticed a tentacled monstrosity
  8611 | D        | Killed a tentacled monstrosity
  8611 | D        | Received a gift from Trog
  8611 | D        | Reached skill level 18 in Evocations
  8615 | D        | Killed a storm dragon
  8617 | D        | Noticed a curse toe
  8618 | D        | Noticed a green draconian zealot
  8620 | D        | Killed a curse toe
  8625 | D        | Killed a green draconian zealot
  8748 | D        | Noticed an Orb Guardian
  8748 | D        | Noticed an Orb Guardian
  8748 | D        | Noticed an Orb Guardian
  8748 | D        | Noticed an Orb Guardian
  8748 | D        | Noticed an Orb Guardian
  8748 | D        | Noticed an Orb Guardian
  8759 | D        | Killed an Orb Guardian
  8759 | D        | Reached skill level 22 in Armour
  8765 | D        | Killed an Orb Guardian
  8770 | D        | Killed an Orb Guardian
  8770 | D        | Reached XP level 19. HP: 239/245 MP: 32/32
  8780 | D        | Killed an Orb Guardian
  8780 | D        | Received a gift from Trog
  8780 | D        | Reached skill level 24 in Dodging
  8780 | D        | Reached skill level 19 in Evocations
  8782 | D        | Killed an Orb Guardian
  8782 | D        | Received a gift from Trog
  8785 | D        | Killed an Orb Guardian
  8786 | D        | Got a steaming great mace {god gift}
  8790 | D        | Identified the +8 great mace "Hemopt" {vamp, +Fly rPois rF+ Str+3} (Trog gifted it to you in the Dungeon)
  8791 | D        | Noticed an Orb Guardian
  8793 | D        | Noticed an Orb Guardian
  8799 | D        | Killed an Orb Guardian
  8807 | D        | Noticed an Orb Guardian
  8807 | D        | Killed an Orb Guardian
  8809 | D        | Noticed an Orb Guardian
  8817 | D        | Killed an Orb Guardian
  8824 | D        | Killed an Orb Guardian
  8824 | D        | Reached skill level 23 in Armour
  8976 | D        | Noticed a tentacled monstrosity
  8976 | D        | Noticed a purple draconian monk
  8976 | D        | Noticed an Orb Guardian
  8976 | D        | Noticed an Orb Guardian
  8976 | D        | Noticed an ice dragon
  8976 | D        | Noticed a storm dragon
  8984 | D        | Killed a purple draconian monk
  8984 | D        | Received a gift from Trog
  8984 | D        | Reached skill level 20 in Evocations
  8985 | D        | Killed a tentacled monstrosity
  8986 | D        | Killed an Orb Guardian
  8986 | D        | Reached skill level 25 in Dodging
  8988 | D        | Killed an Orb Guardian
  8991 | D        | Killed an ice dragon
  8992 | D        | Killed a storm dragon
  8992 | D        | Received a gift from Trog
  8995 | D        | Noticed an Orb Guardian
  8995 | D        | Killed an Orb Guardian
  8998 | D        | Noticed an Orb Guardian
  8999 | D        | Killed an Orb Guardian
  9020 | D        | Noticed an ancient lich
  9027 | D        | Killed an ancient lich
  9027 | D        | Reached skill level 24 in Armour
  9027 | D        | Reached skill level 21 in Evocations
  9030 | D        | Noticed an orb of fire
  9038 | D        | Killed an orb of fire
  9038 | D        | Reached skill level 26 in Dodging
  9093 | D        | Noticed an electric golem
  9100 | D        | Killed an electric golem
  9180 | D        | Noticed a tentacled monstrosity
  9180 | D        | Noticed a golden dragon
  9180 | D        | Noticed an electric golem
  9180 | D        | Noticed a shadow dragon
  9180 | D        | Noticed a fire dragon
  9180 | D        | Noticed a golden dragon
  9192 | D        | Killed a tentacled monstrosity
  9203 | D        | Killed a golden dragon
  9210 | D        | Killed a fire dragon
  9211 | D        | Noticed a green draconian knight
  9213 | D        | Noticed an orb of fire
  9217 | D        | Killed an electric golem
  9217 | D        | Reached skill level 22 in Evocations
  9218 | D        | Killed a golden dragon
  9218 | D        | Received a gift from Trog
  9219 | D        | Got a fine giant spiked club {god gift}
  9228 | D        | Gained mutation: Your body sometimes deteriorates upon taking damage. [an orb of fire]
  9229 | D        | Noticed an orb of fire
  9229 | D        | Killed an orb of fire
  9229 | D        | Reached skill level 25 in Armour
  9229 | D        | Reached skill level 27 in Dodging
  9229 | D        | Reached XP level 20. HP: 256/256 MP: 35/35
  9236 | D        | Killed a shadow dragon
  9240 | D        | Noticed a Killer Klown
  9240 | D        | Killed an orb of fire
  9240 | D        | Reached skill level 23 in Evocations
  9246 | D        | Killed a green draconian knight
  9255 | D        | Killed a Killer Klown
  9255 | D        | Reached skill level 26 in Armour
  9271 | D        | Identified the +5 giant spiked club "Minoew" {vamp, rElec MR+} (Trog gifted it to you in the Dungeon)
  9286 | D        | Noticed an ancient lich
  9291 | D        | Killed an ancient lich
  9355 | D        | Noticed a fire dragon
  9359 | D        | Noticed an electric golem
  9363 | D        | Killed a fire dragon
  9363 | D        | Received a gift from Trog
  9363 | D        | Reached skill level 24 in Evocations
  9368 | D        | Killed an electric golem
  9420 | D        | Noticed a golden dragon
  9434 | D        | Killed a golden dragon
  9443 | D        | Noticed an Orb Guardian
  9443 | D        | Noticed an Orb Guardian
  9443 | D        | Noticed an Orb Guardian
  9443 | D        | Noticed an Orb Guardian
  9443 | D        | Noticed an Orb Guardian
  9443 | D        | Noticed an Orb Guardian
  9448 | D        | Killed an Orb Guardian
  9448 | D        | Received a gift from Trog
  9450 | D        | Noticed a moth of wrath
  9451 | D        | Killed an Orb Guardian
  9454 | D        | Killed an Orb Guardian
  9454 | D        | Reached skill level 27 in Armour
  9461 | D        | Killed an Orb Guardian
  9461 | D        | Reached skill level 25 in Evocations
  9467 | D        | Killed an Orb Guardian
  9470 | D        | Killed an Orb Guardian
  9470 | D        | Received a gift from Trog
  9474 | D        | Killed a moth of wrath
  9478 | D        | Noticed an Orb Guardian
  9479 | D        | Noticed an Orb Guardian
  9480 | D        | Noticed an Orb Guardian
  9483 | D        | Killed an Orb Guardian
  9483 | D        | Received a gift from Trog
  9483 | D        | Reached skill level 26 in Evocations
  9484 | D        | Noticed an Orb Guardian
  9484 | D        | Killed an Orb Guardian
  9486 | D        | Killed an Orb Guardian
  9489 | D        | Noticed an Orb Guardian
  9490 | D        | Killed an Orb Guardian
  9492 | D        | Killed an Orb Guardian
  9497 | D        | Noticed a moth of wrath
  9498 | D        | Got a polished giant spiked club {god gift}
  9503 | D        | Noticed an Orb Guardian
  9507 | D        | Killed a moth of wrath
  9507 | D        | Reached skill level 27 in Evocations
  9507 | D        | Reached skill level 1 in Stealth
  9514 | D        | Killed an Orb Guardian
  9514 | D        | Received a gift from Trog
  9514 | D        | Reached skill level 5 in Stealth
  9527 | D        | Identified the +7 giant spiked club of the Eternal Void {crush, rN+} (Trog gifted it to you in the Dungeon)
  9614 | D        | Noticed a lich
  9614 | D        | Noticed a vampire knight
  9614 | D        | Noticed a vampire knight
  9614 | D        | Noticed a vampire knight
  9614 | D        | Noticed a vampire knight
  9614 | D        | Noticed a vampire knight
  9615 | D        | Noticed an ancient lich
  9621 | D        | Killed a lich
  9621 | D        | Reached skill level 7 in Stealth
  9636 | D        | Killed a vampire knight
  9636 | D        | Received a gift from Trog
  9636 | D        | Reached skill level 8 in Stealth
  9644 | D        | Killed an ancient lich
  9644 | D        | Reached skill level 12 in Stealth
  9645 | D        | Noticed an ancient lich
  9655 | D        | Killed an ancient lich
  9655 | D        | Received a gift from Trog
  9655 | D        | Reached skill level 14 in Stealth
  9657 | D        | Killed a vampire knight
  9657 | D        | Received a gift from Trog
  9657 | D        | Reached skill level 15 in Stealth
  9663 | D        | Noticed a vampire knight
  9664 | D        | Killed a vampire knight
  9664 | D        | Reached XP level 21. HP: 109/265 MP: 38/38
  9667 | D        | Killed a vampire knight
  9674 | D        | Killed a vampire knight
  9674 | D        | Reached skill level 16 in Stealth
  9682 | D        | Killed a vampire knight
  9701 | D        | Noticed a vampire knight
  9704 | D        | Killed a vampire knight
 10091 | D        | Noticed a vampire knight
 10099 | D        | Killed a vampire knight
 10099 | D        | Received a gift from Trog
 10099 | D        | Reached skill level 17 in Stealth
 10107 | D        | Noticed a spriggan baker
 10107 | D        | Noticed a spriggan baker
 10107 | D        | Noticed a spriggan baker
 10107 | D        | Noticed a spriggan baker
 10107 | D        | Noticed a spriggan baker
 10107 | D        | Noticed a spriggan baker
 10111 | D        | Killed a spriggan baker
 10113 | D        | Killed a spriggan baker
 10113 | D        | Received a gift from Trog
 10114 | D        | Noticed a spriggan baker
 10116 | D        | Noticed a spriggan baker
 10116 | D        | Killed a spriggan baker
 10118 | D        | Noticed a spriggan baker
 10119 | D        | Killed a spriggan baker
 10120 | D        | Noticed a spriggan baker
 10123 | D        | Killed a spriggan baker
 10125 | D        | Killed a spriggan baker
 10126 | D        | Killed a spriggan baker
 10128 | D        | Killed a spriggan baker
 10128 | D        | Received a gift from Trog
 10133 | D        | Killed a spriggan baker
 10135 | D        | Killed a spriggan baker
 10143 | D        | Noticed a spriggan baker
 10151 | D        | Killed a spriggan baker
 10151 | D        | Received a gift from Trog
 10156 | D        | Noticed a deep elf annihilator
 10156 | D        | Noticed a deep elf death mage
 10156 | D        | Noticed a deep elf blademaster
 10156 | D        | Noticed a deep elf high priest
 10156 | D        | Noticed a deep elf demonologist
 10156 | D        | Noticed a deep elf demonologist
 10159 | D        | Noticed a deep elf blademaster
 10159 | D        | Killed a deep elf annihilator
 10161 | D        | Killed a deep elf blademaster
 10161 | D        | Reached skill level 18 in Stealth
 10165 | D        | Noticed a deep elf annihilator
 10165 | D        | Killed a deep elf death mage
 10167 | D        | Killed a deep elf demonologist
 10167 | D        | Received a gift from Trog
 10170 | D        | Killed a deep elf high priest
 10170 | D        | Reached skill level 19 in Stealth
 10172 | D        | Killed a deep elf blademaster
 10177 | D        | Noticed a deep elf death mage
 10181 | D        | Killed a deep elf annihilator
 10183 | D        | Killed a deep elf demonologist
 10183 | D        | Received a gift from Trog
 10183 | D        | Reached skill level 20 in Stealth
 10186 | D        | Killed a deep elf death mage
 10194 | D        | Noticed a deep elf master archer
 10198 | D        | Noticed a deep elf death mage
 10198 | D        | Killed a deep elf master archer
 10198 | D        | Received a gift from Trog
 10200 | D        | Killed a deep elf death mage
 10214 | D        | Noticed a deep elf blademaster
 10218 | D        | Noticed a deep elf demonologist
 10219 | D        | Killed a deep elf blademaster
 10219 | D        | Reached skill level 21 in Stealth
 10219 | D        | Killed a deep elf demonologist
 10221 | D        | Noticed a deep elf sorcerer
 10226 | D        | Killed a deep elf sorcerer
 10226 | D        | Received a gift from Trog
 10230 | D        | Got an elven rune of Zot
 10333 | D        | Noticed an azure jelly
 10333 | D        | Noticed a death ooze
 10333 | D        | Noticed a death ooze
 10333 | D        | Noticed an eye of draining
 10333 | D        | Noticed an acid blob
 10341 | D        | Received a gift from Trog
 10343 | D        | Killed an azure jelly
 10345 | D        | Killed a death ooze
 10345 | D        | Reached skill level 22 in Stealth
 10346 | D        | Killed a death ooze
 10354 | D        | Killed an eye of draining
 10356 | D        | Killed an acid blob
 10357 | D        | Noticed an azure jelly
 10358 | D        | Noticed an acid blob
 10362 | D        | Killed an acid blob
 10362 | D        | Received a gift from Trog
 10363 | D        | Killed an azure jelly
 10363 | D        | Received a gift from Trog
 10363 | D        | Reached skill level 23 in Stealth
 10371 | D        | Noticed a death ooze
 10372 | D        | Killed a death ooze
 10373 | D        | Noticed the royal jelly
 10378 | D        | Killed the royal jelly
 10378 | D        | Received a gift from Trog
 10378 | D        | Reached skill level 25 in Stealth
 10382 | D        | Noticed an acid blob
 10386 | D        | Killed an acid blob
 10391 | D        | Noticed an azure jelly
 10393 | D        | Killed an azure jelly
 10403 | D        | Noticed an azure jelly
 10404 | D        | Noticed an acid blob
 10405 | D        | Noticed a death ooze
 10407 | D        | Killed an azure jelly
 10409 | D        | Noticed an acid blob
 10412 | D        | Killed an acid blob
 10415 | D        | Killed a death ooze
 10415 | D        | Reached skill level 26 in Stealth
 10417 | D        | Killed an acid blob
 10427 | D        | Noticed an azure jelly
 10428 | D        | Noticed an azure jelly
 10429 | D        | Noticed a golden eye
 10431 | D        | Killed an azure jelly
 10431 | D        | Received a gift from Trog
 10434 | D        | Killed an azure jelly
 10438 | D        | Killed a golden eye
 10444 | D        | Got a slimy rune of Zot
 10540 | D        | Noticed a sphinx
 10540 | D        | Noticed a sphinx
 10540 | D        | Noticed a sphinx
 10540 | D        | Noticed a sphinx
 10540 | D        | Noticed a sphinx
 10540 | D        | Noticed a sphinx
 10546 | D        | Killed a sphinx
 10546 | D        | Received a gift from Trog
 10549 | D        | Killed a sphinx
 10549 | D        | Received a gift from Trog
 10549 | D        | Reached skill level 27 in Stealth
 10549 | D        | Reached skill level 4 in Unarmed Combat
 10550 | D        | Killed a sphinx
 10550 | D        | Reached skill level 6 in Unarmed Combat
 10555 | D        | Killed a sphinx
 10555 | D        | Reached skill level 8 in Unarmed Combat
 10557 | D        | Killed a sphinx
 10557 | D        | Received a gift from Trog
 10557 | D        | Reached skill level 9 in Unarmed Combat
 10560 | D        | Killed a sphinx
 10560 | D        | Reached skill level 10 in Unarmed Combat
 10563 | D        | Got a pitted giant spiked club {god gift}
 10564 | D        | Noticed a sphinx
 10564 | D        | Killed a sphinx
 10564 | D        | Received a gift from Trog
 10564 | D        | Reached skill level 11 in Unarmed Combat
 10565 | D        | Identified the +8 giant spiked club of Ydem {crush, rC- Dex+4 SInv} (Trog gifted it to you in the Dungeon)
 10573 | D        | Noticed a sphinx
 10576 | D        | Killed a sphinx
 10576 | D        | Reached skill level 12 in Unarmed Combat
 10593 | D        | Noticed a sphinx
 10594 | D        | Noticed a sphinx
 10595 | D        | Noticed a sphinx
 10596 | D        | Noticed a sphinx
 10601 | D        | Killed a sphinx
 10601 | D        | Reached skill level 13 in Unarmed Combat
 10605 | D        | Killed a sphinx
 10605 | D        | Received a gift from Trog
 10611 | D        | Killed a sphinx
 10611 | D        | Received a gift from Trog
 10611 | D        | Reached skill level 14 in Unarmed Combat
 10613 | D        | Killed a sphinx
 10613 | D        | Reached skill level 15 in Unarmed Combat
 10613 | D        | Reached XP level 22. HP: 275/275 MP: 39/39
 10638 | D        | Noticed a guardian mummy
 10638 | D        | Noticed a guardian mummy
 10638 | D        | Noticed a guardian mummy
 10638 | D        | Noticed a guardian mummy
 10638 | D        | Noticed a guardian mummy
 10638 | D        | Noticed a guardian mummy
 10648 | D        | Killed a guardian mummy
 10650 | D        | Killed a guardian mummy
 10653 | D        | Killed a guardian mummy
 10657 | D        | Killed a guardian mummy
 10661 | D        | Killed a guardian mummy
 10663 | D        | Noticed a guardian mummy
 10663 | D        | Killed a guardian mummy
 10668 | D        | Killed a guardian mummy
 10672 | D        | Noticed a guardian mummy
 10674 | D        | Killed a guardian mummy
 10966 | D        | Noticed a mummy priest
 10967 | D        | Noticed a guardian mummy
 10972 | D        | Killed a mummy priest
 10975 | D        | Killed a guardian mummy
 10975 | D        | Reached skill level 16 in Unarmed Combat
 11231 | D        | Noticed a guardian mummy
 11231 | D        | Noticed a guardian mummy
 11231 | D        | Noticed a mummy priest
 11231 | D        | Noticed a guardian mummy
 11231 | D        | Noticed a guardian mummy
 11231 | D        | Noticed a guardian mummy
 11240 | D        | Killed a guardian mummy
 11242 | D        | Killed a guardian mummy
 11246 | D        | Killed a mummy priest
 11262 | D        | Killed a guardian mummy
 11644 | D        | Killed a guardian mummy
 11646 | D        | Killed a guardian mummy
 11648 | D        | Noticed a guardian mummy
 11649 | D        | Noticed a guardian mummy
 11649 | D        | Killed a guardian mummy
 11650 | D        | Killed a guardian mummy
 11659 | D        | Noticed a guardian mummy
 11661 | D        | Killed a guardian mummy
 11920 | D        | Got the Orb of Zot
 12027 | D        | Reached skill level 17 in Unarmed Combat
 12125 | D        | Received a gift from Trog
 12217 | D        | Reached skill level 18 in Unarmed Combat
 12445 | D        | Received a gift from Trog
 12578 | D        | Received a gift from Trog
 12586 | D        | Reached skill level 19 in Unarmed Combat
 12674 | D        | Noticed Noit the pandemonium lord
 12681 | D        | Noticed Hutyumae the pandemonium lord
 12681 | D        | Killed Noit the pandemonium lord
 12681 | D        | Reached skill level 20 in Unarmed Combat
 12684 | D        | Reached skill level 21 in Unarmed Combat
 12690 | D        | Killed Hutyumae the pandemonium lord
 12690 | D        | Received a gift from Trog
 12691 | D        | Received a gift from Trog
 12715 | D        | Received a gift from Trog
 12715 | D        | Reached skill level 22 in Unarmed Combat
 12789 | D        | Received a gift from Trog
 12807 | D        | Received a gift from Trog
 12847 | D        | Reached skill level 23 in Unarmed Combat
 12860 | D        | Received a gift from Trog
 12889 | D        | Reached skill level 24 in Unarmed Combat
 12925 | D        | Received a gift from Trog
 12942 | D        | Reached skill level 25 in Unarmed Combat
 13047 | D        | Received a gift from Trog
 13106 | D        | Noticed Lugho the pandemonium lord
 13123 | D        | Killed Lugho the pandemonium lord
 13123 | D        | Reached skill level 26 in Unarmed Combat
 13155 | D        | Received a gift from Trog
 13170 | D        | Noticed Mehasass the pandemonium lord
 13178 | D        | Killed Mehasass the pandemonium lord
 13178 | D        | Received a gift from Trog
 13178 | D        | Reached skill level 27 in Unarmed Combat
 13178 | D        | Reached skill level 6 in Staves
 13187 | D        | Received a gift from Trog
 13187 | D        | Reached skill level 7 in Staves
 13198 | D        | Reached skill level 9 in Staves
 13206 | D        | Reached skill level 10 in Staves
 13220 | D        | Received a gift from Trog
 13258 | D        | Reached skill level 11 in Staves
 13276 | D        | Received a gift from Trog
 13287 | D        | Reached skill level 12 in Staves
 13358 | D        | Received a gift from Trog
 13360 | D        | Received a gift from Trog
 13360 | D        | Reached skill level 13 in Staves
 13378 | D        | Received a gift from Trog
 13384 | D        | Reached skill level 14 in Staves
 13398 | D        | Reached skill level 15 in Staves
 13434 | D        | Received a gift from Trog
 13442 | D        | Reached skill level 16 in Staves
 13450 | D        | Reached skill level 17 in Staves
 13456 | D        | Received a gift from Trog
 13456 | D        | Reached XP level 23. HP: 284/284 MP: 40/40
 13472 | D        | Got a crude giant club {god gift}
 13497 | D        | Noticed Lempuw the pandemonium lord
 13510 | D        | Killed Lempuw the pandemonium lord
 13510 | D        | Reached skill level 18 in Staves
 13556 | D        | Received a gift from Trog
 13675 | D        | Reached skill level 19 in Staves
 13710 | D        | Received a gift from Trog
 13710 | D        | Reached skill level 20 in Staves
 13740 | D        | Received a gift from Trog
 13821 | D        | Received a gift from Trog
 13821 | D        | Reached skill level 21 in Staves
 13831 | D        | Received a gift from Trog
 13856 | D        | Received a gift from Trog
 13862 | D        | Reached skill level 22 in Staves
 13923 | D        | Received a gift from Trog
 13928 | D        | Noticed Isavvuma the pandemonium lord
 13947 | D        | Reached skill level 23 in Staves
 13957 | D        | Killed Isavvuma the pandemonium lord
 13985 | D        | Received a gift from Trog
 14022 | D        | Received a gift from Trog
 14022 | D        | Reached skill level 24 in Staves
 14079 | D        | Escaped with the Orb!

Action                   |  1- 3 |  4- 6 |  7- 9 | 10-12 | 13-15 | 16-18 | 19-21 | 22-24 || total
-------------------------+-------+-------+-------+-------+-------+-------+-------+-------++-------
Melee: Mace              |    23 |     9 |       |       |       |       |       |       ||    32
       Giant club        |       |    10 |    24 |       |       |       |       |       ||    34
       Great mace        |       |       |    25 |       |   180 |       |   268 |   431 ||   904
       Giant spiked club |       |       |    15 |   127 |    89 |   451 |       |       ||   682
Throw: Large rock        |       |       |     1 |    26 |    77 |    81 |   140 |   109 ||   434
       Javelin           |       |       |       |    22 |       |       |    23 |       ||    45
       Tomahawk          |       |       |       |    13 |       |       |       |       ||    13
Invok: Berserk           |     1 |     1 |     2 |     1 |     2 |     1 |     2 |     2 ||    12
       Trog's Hand       |       |       |       |     2 |     3 |     2 |     2 |     6 ||    15
       Brothers in Arms  |       |       |       |     2 |     5 |       |       |       ||     7
  Use: Scroll            |       |       |       |     1 |     3 |     3 |       |    11 ||    18
       Potion            |       |       |       |       |     4 |     3 |       |     2 ||     9
 Stab: Invisible         |       |       |       |       |     7 |       |       |       ||     7
       Distracted        |       |       |       |       |     2 |     1 |       |     6 ||     9
       Paralysed         |       |       |       |       |     2 |       |       |       ||     2
       Petrifying        |       |       |       |       |     1 |       |       |     1 ||     2
       Confused          |       |       |       |       |     1 |       |       |     5 ||     6
       Held in net/web   |       |       |       |       |     1 |       |       |       ||     1
       Sleeping          |       |       |       |       |       |     3 |       |       ||     3
  Eat: Chunk             |       |       |     5 |    11 |     9 |       |       |       ||    25
       Fruit             |       |       |       |       |     5 |     9 |    20 |       ||    34
       Bread ration      |       |       |       |       |     2 |       |       |     2 ||     4
       Meat ration       |       |       |       |       |       |     1 |     2 |     1 ||     4
